 Dungeon Crawl Stone Soup version 0.29-a0-451-gfbfa42419e (webtiles) character file.

Game seed: 11893547792005145677

426 xian the Conjurer (level 6, -1/45 (46) HPs)
             Began as a Draconian Conjurer on May 19, 2022.
             Was an Initiate of Gozag.
             Killed from afar by a white imp (4 damage)
             ... with a puff of frost
             ... on level 5 of the Dungeon.
             The game lasted 00:14:32 (4206 turns).

xian the Conjurer (Draconian Conjurer)              Turns: 4206, Time: 00:14:33

HP:   -1/45 (46)    AC:  7    Str: 10    XL:     6   Next: 64%
MP:   8/11          EV: 12    Int: 20    God:    Gozag
Gold: 515           SH:  0    Dex:  9    Spells: 6/12 levels left

rFire   . . .      SeeInvis .   x - +1 flail (drain)
rCold   . . .      Faith    .   (no shield)
rNeg    + . .      Spirit   .   (body armour unavailable)
rPois   .          Reflect  .   (helmet restricted)
rElec   .          Harm     .   (no cloak)
rCorr   .          Rampage  .   u - +0 pair of gloves
Will    +....                   (no boots)
Stlth   ++........              n - amulet of magic regeneration
HPRegen 0.15/turn               g - ring of willpower
MPRegen 0.52/turn               l - ring of positive energy

@: gold aura, slowed, lightly drained, very slow
A: AC +6, unfitting armour, cold-blooded
a: Renounce Religion, Potion Petition, Call Merchant, Bribe Branch


You were on level 5 of the Dungeon.
You worshipped Gozag.
Gozag was pleased with you.
You visited 1 branch of the dungeon, and saw 5 of its levels.

You collected 527 gold pieces.
You paid 12 gold pieces to Gozag.

Inventory:

Hand Weapons
 x - a +1 flail of draining (weapon)
Armour
 u - a +0 pair of gloves (worn)
Jewellery
 g - a ring of willpower (left hand)
 l - a ring of positive energy (right hand)
 n - an amulet of magic regeneration (around neck)
Wands
 t - a wand of iceblast (10)
 y - a wand of acid (6)
Scrolls
 c - a scroll of torment {unknown}
 e - a scroll of summoning {unknown}
 f - a scroll of amnesia {unknown}
 h - a scroll of brand weapon {unknown}
 k - 3 scrolls of poison
 p - 2 scrolls of fear
 q - a scroll of enchant armour {unknown}
 r - 2 scrolls of enchant weapon
 v - 2 scrolls of teleportation {unknown}
Potions
 a - a potion of magic
 b - 3 potions of curing
 d - 2 potions of ambrosia
 i - a potion of flight {unknown}
 j - 2 potions of attraction
 m - a potion of lignification {unknown}
 o - 3 potions of might
 s - a potion of resistance {unknown}
 w - a potion of invisibility {unknown}


   Skills:
 + Level 0.8 Fighting
 + Level 0.7 Short Blades
 + Level 1.1 Maces & Flails
 + Level 2.5 Dodging
 + Level 3.0 Stealth
 + Level 3.9 Spellcasting
 + Level 5.9 Conjurations


You had 6 spell levels left.
You knew the following spells:

 Your Spells              Type           Power      Damage    Failure   Level
a - Magic Dart            Conj           100%       1d8       1%          1
b - Searing Ray           Conj           54%        2d6       1%          2
c - Dazzling Flash        Conj/Hex       30%        N/A       12%         3

Your spell library contained the following spells:

 Spells                   Type           Power      Damage    Failure   Level
 Mephitic Cloud           Conj/Pois/Air  11%        N/A       17%         3
 Call Imp                 Summ           3%         N/A       21%         2
 Ignite Poison            Fire/Tmut/Pois 3%         N/A       36%         3
 Fulminant Prism          Conj/Hex       7%         3d7       36%         4
 Iskenderun's Mystic Bla  Conj/Tloc      15%        2d5       36%         4
 Freezing Cloud           Conj/Ice/Air   5%         6-21      85%         5
 Agony                    Necr           3%         N/A       98%         5
 Silence                  Hex/Air        1%         N/A       98%         5


Dungeon Overview and Level Annotations

Branches:
Dungeon (5/15)
 Temple: D:4-7

Altars:
Gozag
Makhleb
Uskayaw
Yredelemnul


Innate Abilities, Weirdness & Mutations

Your plain brown scales are hard. (AC +6)
You cannot fit into any form of body armour.
You are cold-blooded and may be slowed by cold attacks.


Message History

You feel yourself slow down. The wight freezes you.
Unknown command.
The searing ray hits the wight!
The wight is heavily damaged.
You finish channelling your searing ray.
The wight barely misses you. The wight completely misses you.
You feel yourself speed up. The wight misses you.
The wight hits you but does no damage. The white imp gestures at you.
The puff of frost hits you.
The wight hits you from afar with a +1 halberd of freezing.
* * * LOW HITPOINT WARNING * * *
You partially resist.
You feel drained.
You feel yourself slow down. The wight freezes you.
* * * LOW HITPOINT WARNING * * *
The wight closely misses you.
Casting: Searing Ray (safe; 1% risk of failure)
Confirm with . or Enter, or press ? or * to list all spells.
Aiming: Searing Ray (safe; 1% risk of failure)
Press: ? - help, Shift-Dir - straight line The searing ray misses the white imp.
The searing ray hits the wight.
The wight is severely damaged. (Press . to maintain the ray.)
An orc wizard comes into view. It is wielding a +0 dagger.
The wight barely misses you. The wight closely misses you.
The white imp hits you.
* * * LOW HITPOINT WARNING * * *
The white imp freezes you.
You feel as though you will be slow longer.
* * * LOW HITPOINT WARNING * * *
The searing ray hits the white imp!
The white imp is almost dead.
The searing ray hits the wight.
You destroy the wight!
The wight closely misses you.
The orc falls through a shaft!
The shaft crumbles and collapses.
The white imp gestures at you. The puff of frost hits you.
You die...
Your body crumbles into a pile of gold.

#....^......... #.
#....^^......○. #.
#$#..^.......^. #.
#.#............ #.
#.##........... #.
###.............. #.
...#####$......# #.
#.#####5#...### #.
#.....z@##### #.
#..###### #. #..# ##.
#..# ####### ###..
#..#####...... .........
##.........###########...
#...............# #.##
#.≈≈≈≈≈≈≈≈≈.#.#.# #.#
#.≈.......≈..<#.# #.#


You could see a wight and a white imp.

Vanquished Creatures
  Edmund (D:4)
  A wight (D:5)
  A howler monkey (D:5)
  A gnoll shaman (D:4)
  3 iguanas
  An orc wizard (D:3)
  2 adders
  3 gnolls
  An ufetubus (D:2)
  3 worms
  A dart slug (D:5)
  6 orcs
  8 bats
  6 endoplasms
  3 giant cockroaches
  4 goblins
  7 hobgoblins
  7 jackals
  4 kobolds
  3 quokkas
  6 ball pythons
  3 frilled lizards
  3 rats
78 creatures vanquished.

Notes
Turn   | Place    | Note
-------+----------+-------------------------------------------
     0 | D:1      | xian the Draconian Conjurer began the quest for the Orb.
     0 | D:1      | Reached XP level 1. HP: 14/14 MP: 3/3
    69 | D:1      | Found a faded altar of an unknown god.
   210 | D:1      | Reached XP level 2. HP: 14/20 MP: 1/5
  1178 | D:2      | Found an opulent altar of Gozag.
  1188 | D:2      | Became a worshipper of Gozag Ym Sagoz the Greedy
  1312 | D:2      | Reached XP level 3. HP: 20/26 MP: 4/6
  1904 | D:2      | Learned a level 2 spell: Searing Ray
  1908 | D:2      | Learned a level 3 spell: Dazzling Flash
  1978 | D:3      | Reached XP level 4. HP: 29/33 MP: 3/7
  2112 | D:3      | Reached skill level 5 in Conjurations
  2666 | D:4      | Noticed Edmund
  2691 | D:3      | Reached XP level 5. HP: 23/39 MP: 6/9
  3245 | D:4      | Killed Edmund
  3246 | D:4      | Reached skill level 1 in Maces & Flails
  3246 | D:4      | Reached XP level 6. HP: 6/46 MP: 3/11
  4021 | D:5      | Entered Level 5 of the Dungeon
  4045 | D:5      | Found a burning altar of Makhleb.
  4045 | D:5      | Found a basalt altar of Yredelemnul.
  4143 | D:5      | Found a hide-covered altar of Uskayaw.
  4205 | D:5      | HP: 2/45 [white imp (4)]
  4206 | D:5      | Killed from afar by a white imp

Illustrated notes

Levels and vault maps discovered:
D:1:      ncdulo_halloftheorcs, layout_basic, dreamdust_ecumenical_altar_grove
D:2:      layout_basic, basic_altar, dreamdust_mushroom_princess
D:3:      layout_rooms, minmay_strange_pillars, minmay_misc_feat_x,
          kennysheep_generic_room_9
D:4:      layout_basic, uniq_edmund
D:5:      layout_loops_ring, mainiacjoe_overflow_concentric_impassable,
          gammafunk_temple_overflow_statue, temple_hall,
          nicolae_ossuary_entry_giza, minmay_holes, item_on_display_a

Skill      XL: |  1  2  3  4  5  6 |
---------------+-------------------+-----
Dodging        | 2 |  2.5
Stealth        | 2 3 |  3.0
Conjurations   | 5 |  5.9
Maces & Flails | 1 |  1.1
Spellcasting   | 3 |  3.9
Fighting       | |  0.8
Short Blades   | |  0.7

Action                   |  1- 3 |  4- 6 || total
-------------------------+-------+-------++-------
Melee: Dagger            |    22 |       ||    22
       Whip              |     6 |     2 ||     8
 Cast: Magic Dart        |    69 |   110 ||   179
       Searing Ray       |       |    12 ||    12
  Use: Scroll            |     3 |     4 ||     7
Armor: Skin              |    16 |    10 ||    26
Dodge: Dodged            |    34 |    29 ||    63

Table legend: (Time is in decaauts)
 A = Elapsed time spent in this place.
 B = Non-inter-level travel time spent in this place.
 C = Inter-level travel time spent in this place.
 D = Time resting spent in this place.
 E = Time spent auto-exploring this place.
 F = Levels seen in this place.
 G = Mean time per level.
                   A        B        C        D        E       F      G
               +--------+--------+--------+--------+--------+-----+--------+
         Total |   4207 |   4055 |    152 |    352 |   2903 |   5 |  841.4 |
       Dungeon |   4207 |   4055 |    152 |    352 |   2903 |   5 |  841.4 |
               +--------+--------+--------+--------+--------+-----+--------+

Top non-repeatable levels by time:
     D:4: 1402 daAuts
     D:1: 1024 daAuts
     D:2: 929 daAuts
     D:3: 665 daAuts
     D:5: 186 daAuts
